 Dungeon Crawl Stone Soup version 0.30.0-5-g1a98f26d00 (webtiles) character file.

Game seed: 14875243935411612972

208458 freelancePsychic the Warrior (level 17, -22/153 HPs)
             Began as a Demonspawn Hedge Wizard on May 9, 2023.
             Was an Initiate of Gozag.
             Shot with a bolt by a yaktaur (26 damage)
             ... led by a vault warden
             ... on level 1 of the Vaults.
             The game lasted 01:09:32 (40928 turns).

freelancePsychic the Warrior (DsHW)                Turns: 40928, Time: 01:09:33

Health: -22/153    AC: 16    Str: 11    XL:     17   Next: 64%
Magic:  31/31      EV: 17    Int: 29    God:    Gozag
Gold:   7489       SH:  0    Dex: 13    Spells: 15/36 levels left

rFire   . . .        b - +4 dagger (speed)
rCold   . . .        y - orb {guile}
rNeg    . . .        H - +3 steam dragon scales
rPois   .            L - +0 helmet
rElec   .            B - +2 cloak
rCorr   .            (gloves unavailable)
SInv    .            Y - +0 pair of boots
Will    .....        u - amulet of regeneration
Stlth   ++++         F - ring of wizardry
HPRegen 1.25/turn    S - +6 ring of intelligence
MPRegen 0.22/turn

%: wizardry (x1)
@: no status effects
A: rugged brown scales 2, powered by death 2, demonic magic 1, corrupting
presence 1, demonic touch 3
}: 2/15 runes: decaying, serpentine
a: Renounce Religion, Potion Petition, Call Merchant, Bribe Branch


You were on level 1 of the Vaults.
You worshipped Gozag.
Gozag was greatly pleased with you.
You visited 7 branches of the dungeon, and saw 32 of its levels.
You also visited: Ossuary and Ice Cave.

You collected 11879 gold pieces.
You spent 1194 gold pieces at shops.
You paid 3196 gold pieces to Gozag.

Inventory:

Hand Weapons
 b - a +4 dagger of speed (weapon)
 f - the +8 long sword "Worm's Wrath" {venom, Drain rF+++ Str-4 Int+5}
   (You found it on level 15 of the Dungeon)

   Str:       It affects your strength (-4).
   Int:       It affects your intelligence (+5).
   rF:        It renders you almost immune to fire.
   Drain:     It drains your maximum health when unequipped.
Missiles
 w - 6 throwing nets
Armour
 y - an orb of guile (worn)
 B - a +2 cloak (worn)
 H - +3 steam dragon scales (worn)
 L - a +0 helmet (worn)
 Y - a +0 pair of boots (worn)
Magical Staves
 a - the staff of cold "Biveno" {rC+ Will++ Stlth+}
   (You acquired it on level 13 of the Dungeon)

   [staff of cold]

   Base accuracy: +5 Base damage: 5 Base attack delay: 1.2 This weapon's minimum
   attack delay (0.6) is reached at skill level 12.
   rC:        It protects you from cold.
   Will:      It greatly increases your willpower.
   Stlth:     It makes you more stealthy.
   It falls into the 'Staves' category.
   It is a one-handed weapon.
 o - the staff of fire "Beody" {rF+ rC+}
   (You found it on level 3 of the Dungeon)

   [staff of fire]

   Base accuracy: +5 Base damage: 5 Base attack delay: 1.2 This weapon's minimum
   attack delay (0.6) is reached at skill level 12.
   rF:        It protects you from fire.
   rC:        It protects you from cold.
   It falls into the 'Staves' category.
   It is a one-handed weapon.
Jewellery
 u - an amulet of regeneration (around neck)
 F - a ring of wizardry (left hand)
 G - a ring of protection from fire
 J - a ring of positive energy
 O - a ring of protection from cold
 S - a +6 ring of intelligence (right hand)
 T - the amulet of Generosity {Faith Fly rC++ Str+3}
   (You found it on level 4 of the Lair of Beasts)

   [amulet of faith]

   It allows you to gain divine favour quickly.
   Str:       It affects your strength (+3).
   rC:        It greatly protects you from cold.
   Fly:       It grants you flight.
Wands
 t - a wand of flame (21)
 A - a wand of polymorph (24)
 K - a wand of roots (18)
 M - a wand of digging (1)
 N - a wand of charming (27)
 X - a wand of light (15)
 Z - a wand of mindburst (9)
Scrolls
 g - 5 scrolls of amnesia
 j - 8 scrolls of teleportation {@r4}
 k - 3 scrolls of torment
 p - 6 scrolls of magic mapping
 r - 15 scrolls of identify {@r1}
 s - 2 scrolls of silence
 z - 4 scrolls of vulnerability
 E - a scroll of fear
 I - 2 scrolls of brand weapon
 P - a scroll of fog
 W - 2 scrolls of immolation
Potions
 d - 5 potions of magic
 e - 6 potions of berserk rage
 h - 11 potions of curing {@q1}
 i - 4 potions of mutation
 l - 9 potions of flight
 m - 16 potions of heal wounds {@q2}
 n - 5 potions of attraction
 q - 3 potions of cancellation
 x - 4 potions of brilliance
 C - 5 potions of might
 D - a potion of resistance
 U - 7 potions of lignification
 V - 2 potions of haste {@q3}
Miscellaneous
 v - a lightning rod (4/4)
 Q - a box of beasts
 R - a phial of floods


   Skills:
 + Level 16.8 Fighting
 - Level 10.0 Short Blades
 + Level 5.1 Armour
 - Level 12.0 Dodging
 - Level 8.0 Stealth
 - Level 10.0 Spellcasting
 - Level 1.0 Conjurations
 - Level 7.4 Summonings
 - Level 0.8 Translocations
 * Level 15.7 Ice Magic


You had 15 spell levels left.
You knew the following spells:

 Your Spells              Type           Power      Damage    Failure   Level
a - Call Canine Familiar  Summ           55%        N/A       1%          3
b - Call Imp              Summ           100%       N/A       1%          2
c - Polar Vortex          Ice            41%        N/A       90%         9
e - Ozocubu's Refrigerat  Ice            41%        4d16      1%          7

Your spell library contained the following spells:

 Spells                   Type           Power      Damage    Failure   Level
 Ozocubu's Armour         Ice            82%        N/A       0%          3
 Magic Dart               Conj           80%        1d7       1%          1
 Slow                     Hex            56%        N/A       1%          1
 Blink                    Tloc           38%        N/A       1%          2
 Ensorcelled Hibernation  Hex/Ice        100%       N/A       1%          2
 Hailstorm                Conj/Ice       58%        3d13      1%          3
 Ice Form                 Ice/Tmut       56%        N/A       1%          4
 Summon Ice Beast         Ice/Summ       69%        N/A       1%          4
 Metabolic Englaciation   Hex/Ice        28%        N/A       1%          5
 Cigotuvi's Dreadful Rot  Necr/Pois/Air  28%        N/A       2%          2
 Passwall                 Tmut/Erth      11%        N/A       2%          2
 Mephitic Cloud           Conj/Pois/Air  16%        N/A       4%          3
 Portal Projectile        Hex/Tloc       32%        N/A       4%          3
 Swiftness                Air            14%        N/A       4%          3
 Leda's Liquefaction      Hex/Erth       7%         N/A       16%         4
 Iskenderun's Battlesphe  Conj           20%        2d7       26%         5
 Lee's Rapid Deconstruct  Erth           7%         3d6*      38%         5
 Iron Shot                Conj/Erth      8%         9d3       86%         6
 Statue Form              Tmut/Erth      9%         N/A       89%         6
 Spellforged Servitor     Conj/Summ      19%        N/A       89%         7
 Simulacrum               Ice/Necr       Unusable   N/A       N/A         6

Dungeon Overview and Level Annotations

Branches:
Dungeon (15/15)            Temple (1/1) D:4            Lair (5/5) D:9
  Swamp (4/4) Lair:3        Snake (4/4) Lair:3        Slime (0/5) Lair:4
    Orc (2/2) D:11            Elf (0/3) Orc:2        Vaults (1/5) D:14
 Depths (0/4) D:15        Ossuary (visited)           IceCv (visited)

Altars:
Ashenzari
Cheibriados
Dithmenos
Fedhas
Gozag
Hepliaklqana
Kikubaaqudgha
Makhleb
Nemelex Xobeh
Okawaru
Qazlal
Ru
Sif Muna
Trog
Uskayaw
Vehumet
Wu Jian
Xom
Yredelemnul

Shops:
D:7 :   D:8 :   D:10 **   D:11 (   Orc:1 !   Orc:2 ([![!   Lair:3 *   Lair:4 :

Annotations:
D:14 Roxanne
Lair:3 exclusion: oklob plant


Innate Abilities, Weirdness & Mutations

You are mostly covered in rugged brown scales. (AC +2, +5% HP)
You regenerate health from kills.
Spells you cast may paralyse adjacent enemies.
Your presence sometimes corrodes those you injure.
Your touch may irresistibly damage your foes and sap their willpower.


Message History

You open the door.
Found a robe.
There is an open door here.
You see here a +0 robe.
You now have 7489 gold pieces (gained 23).
You open the large door.
There is a large open door here.
You open the door.
A vault guard, a vault sentinel, a vault warden and 2 yaktaurs come into view.
The vault guard is wielding a +1 heavy dire flail.
The vault warden is wielding a +3 dire flail of holy wrath.
The vault sentinel shouts!
The vault warden shouts!
The yaktaur shouts!
The yaktaur wields a +0 arbalest.
The yaktaur shoots a bolt.
The bolt misses you.
A yaktaur comes into view.
The vault guard moves out of view.
The vault sentinel moves out of view.
Found a manual of Stealth.
Press: ? - help, v - describe, . - travel, g - get item Item here: a manual of Stealth.
An alarm trap.
The yaktaur wields a +0 arbalest.
The yaktaur shoots a bolt.
The bolt hits you!
The vault sentinel blows a loud note on a signal horn!
The yaktaur shoots a bolt.
The bolt hits you.
The yaktaur shouts!
There is an open door, spattered with blood here.
The vault guard shouts!
The vault warden activates a sealing rune.
A door slams shut!
The yaktaur shoots a bolt.
The bolt hits you!!
The vault warden hits you with a +3 dire flail of holy wrath!!!
You convulse!!!
* * * LOW HITPOINT WARNING * * *
The yaktaur wields a +1 arbalest of freezing.
It is covered in frost.
The yaktaur shoots a bolt.
The bolt hits you!
* * * LOW HITPOINT WARNING * * *
The bolt freezes you!
* * * LOW HITPOINT WARNING * * *
The vault guard hits you with a +1 heavy dire flail.
* * * LOW HITPOINT WARNING * * *
The yaktaur shoots a bolt.
The bolt hits you!!
You die...
Your body crumbles into a pile of gold.

#....∩..#
#.........+
#.......#
#.........#
#.......#
#.........#
#.......#
#.........#
#.......#
#.........#
####+####
#.........#
########+######
#.........#
#....pp@..#
#.......pc#
#...###cc.#
#...#^#...#
#...###...#
#.........#
+.........#
#.........#


You could see a vault warden, a vault guard, a vault sentinel (catching breath)
and 3 yaktaurs.

Vanquished Creatures
  Jorgrun (Swamp:2)
  A quicksilver dragon (Snake:4)
  A thorn hunter (Swamp:4)
  A fenstrider witch (Swamp:2)
  2 nagarajas
  Donald (Snake:1)
  Aizul (Swamp:1)
  An orc warlord (Orc:2)
  A reaper (IceCv)
  A bunyip (Swamp:2)
  Azrael (Orc:2)
  Snorg (D:14)
  Josephine (D:11)
  A shambling mangrove (Swamp:3)
  A fire dragon (Lair:5)
  Harold (D:11)
  20 hydras
  2 salamander tyrants
  An ogre mage (D:15)
  5 ghost crabs
  An ironbound frostheart (Vaults:1)
  2 centaur warriors (D:15)
  A two-headed ogre (D:15)
  6 boulder beetles
  7 anacondas
  6 alligators
  2 tengu warriors
  7 naga warriors
  4 shock serpents
  2 orc high priests (Orc:2)
  7 naga sharpshooters
  8 spriggans
  Urug (Orc:2)
  Sonja (Orc:2)
  A titan skeleton (D:15)
  Nergalle (Lair:3)
  8 skeletal warriors
  Lodul (D:14)
  2 death drakes
  2 naga ritualists (Snake:2)
  4 goliath frogs
  2 skysharks (Lair:5)
  4 spriggan druids
  5 swamp dragons (Swamp:4)
  5 bog bodies
  A lindwurm (Lair:5)
  4 orc knights
  A phantasmal warrior (D:15)
  A necromancer (D:15)
  4 mana vipers (Snake:2)
  A shadow dragon skeleton (D:15)
  14 ugly things
  2 orc sorcerers (Orc:2)
  6 cyclopes
  3 manticores
  4 will-o-the-wisps
  A fire giant zombie (D:15)
  10 salamanders
  9 naga magi
  2 guardian serpents (Snake:4)
  24 black mambas
  A centaur zombie (D:12)
  14 elephants
  2 ice statues (IceCv)
  2 torpor snails
  17 cane toads
  3 molten gargoyles (Lair:5)
  A spriggan zombie (D:15)
  2 gargoyles
  4 centaur skeletons (D:14)
  18 komodo dragons
  3 efreet
  5 yaktaurs (D:14)
  6 rime drakes
  3 tengu conjurers
  8 ice devils
  6 trolls
  2 polar bears (Lair:4)
  9 tyrant leeches
  A tarantella (shapeshifter) (D:15)
  Prince Ribbit (D:7)
  10 hornets
  5 dream sheep (Lair:4)
  17 blink frogs
  A meliai zombie (D:12)
  13 slime creatures
  A centaur simulacrum (D:13)
  3 wraiths
  2 shadows
  5 wyverns
  34 yaks
  5 basilisks
  A dire elephant simulacrum (IceCv)
  13 vampire mosquitoes
  7 steam dragons
  11 swamp worms
  21 nagas
  5 harpy simulacra (IceCv)
  7 wargs
  4 hydra simulacra (IceCv)
  7 hell hounds
  Duvessa (D:5)
  20 water moccasins
  28 orc warriors
  10 swamp drakes
  2 black bears
  A black bear (shapeshifter) (D:14)
  12 ogres
  A boggart (D:14)
  2 wolves (Lair:3)
  6 kobold brigands
  A gnoll sergeant (D:8)
  A scorpion (D:6)
  6 bullfrogs
  A cane toad simulacrum (IceCv)
  3 water moccasin zombies (Ossuary)
  Dowan (D:5)
  12 killer bees
  5 howler monkeys
  6 lava snakes
  4 hounds
  2 jellies
  19 orc priests
  2 gnoll boudas
  2 iguanas (D:5)
  22 orc wizards
  2 mummies (Ossuary)
  11 gnolls
  7 adders
  2 shadow imps
  A white imp (D:5)
  An ufetubus (IceCv)
  3 adder zombies (Ossuary)
  A worm (D:3)
  2 dart slugs
  69 orcs
  6 endoplasms
  A giant cockroach (D:3)
  5 gnoll zombies (Ossuary)
  10 goblins
  7 hobgoblins
  4 jackals
  3 quokkas
  5 ball pythons
  4 bats
  2 frilled lizards (D:1)
  4 hobgoblin zombies (Ossuary)
  15 kobolds
  4 kobold zombies (Ossuary)
  7 orc zombies (Ossuary)
  5 rats
853 creatures vanquished.

Vanquished Creatures (collateral kills)
  A quicksilver dragon (Snake:4)
  A salamander tyrant (Snake:4)
  2 spriggans (Swamp:1)
  A naga ritualist (Snake:2)
  A will-o-the-wisp (Swamp:1)
  2 cyclopes
  2 black mambas
  Maggie (D:6)
  2 cane toads
  A yaktaur (D:8)
  A rime drake (Lair:5)
  A kobold demonologist (D:11)
  2 hornets (Swamp:1)
  A dream sheep (Lair:4)
  3 fire elementals (Orc:2)
  2 basilisks
  A shadow (D:12)
  2 wraiths (D:11)
  3 yaks
  A steam dragon (Lair:5)
  An acid dragon (D:11)
  A warg (Orc:2)
  2 orc warriors (Orc:2)
  2 ogres
  A wolf (Lair:3)
  A phantom (D:5)
  A kobold brigand (D:9)
  A bullfrog (D:6)
  A water moccasin zombie (Ossuary)
  2 cane toad simulacra (IceCv)
  A scorpion (D:6)
  6 killer bees
  A lava snake (Lair:5)
  2 jellies
  5 orc priests
  A gnoll bouda (D:8)
  10 orc wizards
  A spriggan simulacrum (IceCv)
  10 gnolls
  25 orcs
  A goblin (D:4)
  3 kobolds
  A kobold zombie (Ossuary)
  An orc zombie (Ossuary)
  A rat (D:2)
113 creatures vanquished.

Vanquished Creatures (others)
  A shock serpent (Snake:2)
  A spriggan druid (Swamp:3)
  A bloated husk (Swamp:3)
  A human (D:7)
  An ufetubus (IceCv)
  23 foxfires
28 creatures vanquished.

Grand Total: 994 creatures vanquished

Notes
Turn   | Place    | Note
-------+----------+-------------------------------------------
     0 | D:1      | freelancePsychic the Demonspawn Hedge Wizard began the
                  | quest for the Orb.
     0 | D:1      | Reached XP level 1. HP: 13/13 MP: 4/4
   332 | D:1      | Gained mutation: Your touch may inflict minor irresistible
                  | damage on your foes. [demonic ancestry]
   332 | D:1      | Reached XP level 2. HP: 20/20 MP: 3/6
   570 | D:1      | Reached skill level 1 in Fighting
   772 | D:1      | Learned a level 2 spell: Call Imp
  1302 | D:2      | Reached XP level 3. HP: 17/26 MP: 3/7
  1950 | D:3      | Identified the staff of fire "Beody" {rF+ rC+}
  1954 | D:3      | Found a broken altar of Ashenzari.
  2222 | D:3      | Reached XP level 4. HP: 32/32 MP: 8/8
  2356 | D:3      | Found a hide-covered altar of Uskayaw.
  2357 | D:3      | Found an ornate altar of the Wu Jian Council.
  2586 | D:4      | Noticed a black bear
  2594 | D:4      | Killed a black bear
  2595 | D:4      | Reached skill level 2 in Fighting
  2595 | D:4      | Gained mutation: Your touch may inflict irresistible damage
                  | on your foes. [demonic ancestry]
  2595 | D:4      | Reached XP level 5. HP: 39/39 MP: 6/9
  2809 | D:4      | Found a staircase to the Ecumenical Temple.
  2821 | Temple   | Entered the Ecumenical Temple
  2856 | Temple   | Became a worshipper of Gozag Ym Sagoz the Greedy
  2895 | D:4      | Reached XP level 6. HP: 25/46 MP: 8/10
  3325 | D:5      | Entered Level 5 of the Dungeon
  3379 | D:5      | Noticed Dowan
  3380 | D:5      | Noticed Duvessa
  3425 | D:5      | Reached skill level 3 in Fighting
  3460 | D:5      | Reached skill level 1 in Short Blades
  3519 | D:5      | Found a sand-covered staircase.
  3528 | Ossuary  | Entered an ossuary
  3908 | Ossuary  | Gained mutation: You are partially covered in rugged brown
                  | scales. (AC +1, +3% HP) [demonic ancestry]
  3908 | Ossuary  | Reached XP level 7. HP: 25/54 MP: 9/11
  4054 | Ossuary  | Reached skill level 4 in Fighting
  4340 | D:5      | Killed Duvessa
  4358 | D:5      | Killed Dowan
  4359 | D:5      | Reached skill level 5 in Stealth
  4530 | D:5      | Learned a level 3 spell: Call Canine Familiar
  5045 | D:5      | Reached skill level 5 in Fighting
  5045 | D:5      | Gained mutation: You are mostly covered in rugged brown
                  | scales. (AC +2, +5% HP) [demonic ancestry]
  5045 | D:5      | Reached XP level 8. HP: 57/65 MP: 0/12
  5410 | D:6      | Reached skill level 5 in Summonings
  5890 | D:6      | Noticed Maggie
  6193 | D:6      | Killed Maggie
  6194 | D:6      | Gained mutation: Spells you cast may paralyse adjacent
                  | enemies. [demonic ancestry]
  6194 | D:6      | Reached XP level 9. HP: 31/71 MP: 6/14
  6837 | D:7      | Identified the +1 robe of Life {Rampage rElec Str+2 Int+3}
  7198 | D:7      | Noticed Prince Ribbit
  7215 | D:7      | Killed Prince Ribbit
  7259 | D:7      | Reached skill level 6 in Fighting
  7307 | D:7      | Found an ancient bone altar of Kikubaaqudgha.
  7431 | D:7      | Reached skill level 5 in Spellcasting
  7440 | D:7      | Reached skill level 7 in Fighting
  8020 | D:8      | Gained mutation: You regenerate a little health from kills.
                  | [demonic ancestry]
  8020 | D:8      | Reached XP level 10. HP: 36/82 MP: 9/18
  8410 | D:8      | Found Fenajiaj's Book Boutique.
  8748 | D:8      | Reached skill level 5 in Short Blades
  8955 | D:8      | Noticed a boulder beetle
  8972 | D:8      | Killed a boulder beetle
  9115 | D:8      | Reached skill level 8 in Fighting
  9299 | D:9      | Found a staircase to the Lair.
  9822 | D:9      | Reached skill level 9 in Fighting
 10180 | D:9      | Found a burning altar of Makhleb.
 10381 | D:10     | Entered Level 10 of the Dungeon
 10397 | D:10     | Reached XP level 11. HP: 89/93 MP: 18/22
 10493 | D:10     | Found a sacrificial altar of Ru.
 10830 | D:10     | Found Mogganief's General Store.
 10834 | D:10     | Found Monis's Specific Store.
 11172 | D:11     | Noticed Josephine
 11180 | D:11     | Killed Josephine
 11581 | D:11     | Noticed Harold
 11590 | D:11     | Killed Harold
 11591 | D:11     | Reached skill level 10 in Fighting
 11634 | D:11     | Found a staircase to the Orcish Mines.
 11859 | Lair:1   | Entered Level 1 of the Lair of Beasts
 12845 | Lair:1   | Reached XP level 12. HP: 78/103 MP: 25/25
 13297 | Lair:2   | Reached skill level 11 in Fighting
 13965 | Lair:3   | Found the +10 Black Knight's barding {ponderous, rPois rN+}
 13968 | Lair:3   | Noticed Nergalle
 13978 | Lair:3   | Killed Nergalle
 14170 | Lair:3   | Found a staircase to the Swamp.
 14262 | Lair:3   | Reached skill level 12 in Fighting
 14262 | Lair:3   | Reached skill level 10 in Short Blades
 14392 | Lair:3   | Noticed a six-headed hydra
 14495 | Lair:3   | Found a staircase to the Snake Pit.
 14938 | Lair:3   | Killed a six-headed hydra
 15214 | Lair:3   | Noticed a boulder beetle
 15223 | Lair:3   | Gained mutation: You regenerate health from kills. [demonic
                  | ancestry]
 15223 | Lair:3   | Reached XP level 13. HP: 114/114 MP: 22/26
 15231 | Lair:3   | Reached skill level 13 in Fighting
 15999 | Lair:4   | Reached skill level 14 in Fighting
 16027 | Lair:4   | Identified the amulet of Generosity {Faith Fly rC++ Str+3}
 16695 | Lair:4   | Found a staircase to the Slime Pits.
 16883 | Lair:4   | Reached skill level 15 in Fighting
 17010 | Lair:4   | Reached skill level 1 in Ice Magic
 17318 | Lair:5   | Entered Level 5 of the Lair of Beasts
 17332 | Lair:5   | Reached skill level 5 in Dodging
 18262 | Lair:5   | Reached skill level 5 in Ice Magic
 18300 | Lair:5   | Reached XP level 14. HP: 118/129 MP: 21/27
 18822 | Lair:5   | Found a large runed translucent door.
 18825 | Lair:5   | Found a large runed translucent door.
 20126 | D:12     | Found a frozen archway.
 20141 | IceCv    | Entered an ice cave
 21169 | IceCv    | Noticed a reaper
 21174 | IceCv    | Killed a reaper
 21687 | D:12     | Found a basalt altar of Yredelemnul.
 22268 | Orc:1    | Entered Level 1 of the Orcish Mines
 22373 | Orc:2    | Entered Level 2 of the Orcish Mines
 22373 | Orc:2    | Noticed Sonja
 22373 | Orc:2    | Found a staircase to the Elven Halls.
 22376 | Orc:2    | Killed Sonja
 22495 | Orc:2    | Noticed Urug
 22508 | Orc:2    | Killed Urug
 22632 | Orc:2    | Found Kampaad's Distillery.
 22719 | Orc:2    | Bought a potion of heal wounds for 60 gold pieces
 22719 | Orc:2    | Bought a potion of heal wounds for 60 gold pieces
 22804 | Orc:2    | Paralysed by an orc sorcerer for 5 turns
 23021 | Orc:2    | Found Qobri's Antique Armour Boutique.
 23242 | Orc:2    | Noticed Azrael
 23263 | Orc:2    | Killed Azrael
 23742 | Orc:2    | Noticed an orc warlord
 23754 | Orc:2    | Killed an orc warlord
 24193 | Orc:2    | Reached skill level 10 in Ice Magic
 24234 | Orc:2    | Found Qavybiel's Antique Weapon Shoppe.
 24445 | Orc:2    | Found Kudos's Antique Armour Emporium.
 24639 | Orc:2    | Found Juxuinwo's Distillery.
 24649 | Orc:2    | Gained mutation: Your touch may irresistibly damage your
                  | foes and sap their willpower. [demonic ancestry]
 24649 | Orc:2    | Reached XP level 15. HP: 135/135 MP: 19/28
 24706 | Orc:2    | Bought a potion of heal wounds for 65 gold pieces
 24706 | Orc:2    | Bought a potion of haste for 130 gold pieces
 24706 | Orc:2    | Bought a potion of heal wounds for 65 gold pieces
 24706 | Orc:2    | Bought a potion of attraction for 39 gold pieces
 24706 | Orc:2    | Bought a potion of degeneration for 13 gold pieces
 25047 | Orc:1    | You are sucked into a shaft and drop 1 floor!
 25115 | Orc:1    | Found Yhaweit's Distillery.
 25305 | Orc:1    | Bought a potion of heal wounds for 70 gold pieces
 25305 | Orc:1    | Bought a potion of haste for 140 gold pieces
 25583 | D:7      | Bought the Secrets of Suicidal Tendencies for 552 gold
                  | pieces
 25591 | D:7      | Learned a level 7 spell: Ozocubu's Refrigeration
 26742 | D:13     | Identified a scroll of acquirement
 26743 | D:13     | Acquired the staff of cold "Biveno" {rC+ Will++ Stlth+}
 27619 | D:14     | Found a gate to the Vaults.
 27711 | D:14     | Noticed Lodul
 27716 | D:14     | Killed Lodul
 28882 | D:14     | Noticed Snorg
 28888 | D:14     | Killed Snorg
 28889 | D:14     | Reached skill level 10 in Dodging
 29302 | D:14     | Identified Roxanne's Book of Spelunking
 29302 | D:14     | Noticed Roxanne
 29377 | D:15     | Entered Level 15 of the Dungeon
 29404 | D:15     | Found a staircase to the Depths.
 30352 | D:15     | Identified the +8 long sword "Worm's Wrath" {venom, Drain
                  | rF+++ Str-4 Int+5}
 31468 | Snake:1  | Entered Level 1 of the Snake Pit
 31898 | Snake:1  | Noticed Donald
 31906 | Snake:1  | Killed Donald
 31961 | Snake:1  | Reached XP level 16. HP: 139/142 MP: 21/29
 33350 | Snake:2  | Identified the +5 morningstar of the Verdant God {flame,
                  | Drain rPois rF+++ Dex-2}
 34305 | Snake:3  | Reached skill level 10 in Spellcasting
 34688 | Snake:4  | Entered Level 4 of the Snake Pit
 35409 | Snake:4  | Identified the +8 dagger of the Lettuce {venom, *Corrode
                  | Str+3 Dex+2}
 35444 | Snake:4  | Noticed a quicksilver dragon
 35444 | Snake:4  | Noticed a quicksilver dragon
 35575 | Swamp:1  | Entered Level 1 of the Swamp
 35943 | Swamp:1  | Paralysed by a hornet for 3 turns
 36103 | Swamp:1  | Reached skill level 16 in Fighting
 36328 | Swamp:1  | Noticed Aizul
 36344 | Swamp:1  | Killed Aizul
 36345 | Swamp:1  | Reached skill level 1 in Armour
 36803 | Swamp:2  | Noticed Jorgrun
 37326 | Swamp:2  | Killed Jorgrun
 37327 | Swamp:2  | Gained mutation: Your presence sometimes corrodes those you
                  | injure. [demonic ancestry]
 37327 | Swamp:2  | Reached XP level 17. HP: 60/151 MP: 8/31
 39243 | Swamp:4  | Entered Level 4 of the Swamp
 39254 | Swamp:4  | Reached skill level 15 in Ice Magic
 39678 | Swamp:4  | Got a decaying rune of Zot
 40454 | Snake:4  | Killed a quicksilver dragon
 40456 | Snake:4  | Killed a quicksilver dragon
 40463 | Snake:4  | Got a serpentine rune of Zot
 40509 | Snake:4  | Reached skill level 5 in Armour
 40639 | Snake:4  | Learned a level 9 spell: Polar Vortex
 40901 | Vaults:1 | Entered Level 1 of the Vaults
 40928 | Vaults:1 | HP: 6/153 [yaktaur/bolt[a vault warden] (8)]
 40928 | Vaults:1 | Shot with a bolt by a yaktaur

Illustrated notes

Levels and vault maps discovered:
D:1:      kennysheep_arrival_seaside, layout_basic
D:2:      layout_loops_ring
D:3:      layout_basic, mainiacjoe_overflow_boulevard,
          gammafunk_temple_overflow_wave
D:4:      layout_rooms, minmay_temple_entry_proselytizer, serial_corexii_hall,
          chequers_hall_statues_corner_a, corexii_hall_statues_l
D:5:      layout_loops_cross, enter_ossuary_1,
          minmay_a_box_with_orc_wizards_in_it, uniq_duvessa
D:6:      layout_basic, uniq_maggie
D:7:      layout_gridville, tgw_kikubaaqudgha, serial_rivers,
          chequers_serial_rivers_small_b, chequers_serial_rivers_room_a,
          chequers_serial_rivers_micro_a, chequers_serial_rivers_small_b,
          chequers_serial_rivers_large_b, chequers_serial_rivers_small_3,
          uniq_prince_ribbit1
D:8:      layout_basic, serial_shops, shop, minmay_three_doors
D:9:      minmay_octagon_keep, layout_loops_ring,
          mainiacjoe_overflow_small_starburst
D:10:     layout_rooms, mainiacjoe_overflow_concentric_impassable,
          elyvilon_altar_3, nicolae_specific_store
D:11:     layout_rooms, orc_0_dummy, zin_academy, uniq_josephine, uniq_harold
D:12:     layout_gridville, portal_ice_cave_demonic_guard,
          lemuel_zombie_altar_yredelemnul
D:13:     layout_loops_ring, minmay_stone_trees_small
D:14:     layout_basic, hangedman_vaults_entry_quadrant_bands,
          grunt_decor_junction, uniq_roxanne, uniq_lodul, uniq_snorg
D:15:     gammafunk_depths_entry_grave, layout_basic, patterned_corridor
Temple:   hellmonk_temple_of_storms
Lair:1:   layout_loops_ring, grunt_megastairs_5
Lair:2:   layout_big_grid, serial_bayou_shore_b, infiniplex_staircase_pool
Lair:3:   layout_layer_cave, skrybe_swamp_entry_bodies,
          nicolae_snake_entry_warm_welcome, grunt_megastairs_4,
          serial_bayou_shore_b, serial_bayou_shore_b, serial_bayou_shore_b,
          lemuel_fruit_tree, uniq_nergalle
Lair:4:   beast_lair_carwin_large_4, layout_regular_city, slime_entry_1,
          serial_bayou_ford_a, st_stairs_5
Lair:5:   cheibrodos_lair_end_hotspot, layout_gridlike
Swamp:1:  layout_basic_swamp, evilmike_swamp_ruin_wall, swamp_pool1, uniq_aizul
Swamp:2:  layout_basic_swamp, evilmike_swamp_ruin_house_5, swamp_pool4,
          nicolae_swamp_spooky_pond, uniq_jorgrun
Swamp:3:  layout_basic_swamp, nicolae_swamp_some_circles
Swamp:4:  swamp, layout_basic_swamp, swamp_pool3
Snake:1:  layout_onion, uniq_donald
Snake:2:  layout_onion_interference, nicolae_snake_omega
Snake:3:  layout_onion, nicolae_snake_single_loop,
          nicolae_snake_slithery_hallway
Snake:4:  hellmonk_snake_rune_quicksilver_temple, layout_cave_town
Orc:1:    layout_diamond_mine, serial_shops, nicolae_shop_pleasant_corner_grove,
          minmay_orc_keep
Orc:2:    grunt_orc_community_town_hall, layout_diamond_mine,
          grunt_orc_community_big_house_1, grunt_orc_community_big_house_2,
          grunt_orc_community_house_3, grunt_orc_community_house_3,
          grunt_orc_community_house_3, grunt_orc_community_house_3, basic_altar,
          serial_shops, nicolae_shop_advertising_works
          [nicolae_subvault_shop_adworks], mines1_david, uniq_azrael,
          uniq_sonja, uniq_urug
Vaults:1: nicolae_vaults_heart-shaped_vault, nicolae_vaults_house_2,
          nicolae_vaults_trapezoid_lopsided_3, vaults_mumra_bighexcomb,
          nicolae_vaults_tetromino_T_2, vaults_room_grid,
          ontoclasm_vaults_decontamination, vaults_standard_mumra_lines,
          nicolae_vaults_six-pack, hangedman_vaults_variations,
          nicolae_vaults_heist, vaults_room_boxed, vaults_dpeg_hooks,
          layout_vaults_maze_bifur, serial_shops, shop

Skill      XL: |  1  2  3  4  5  6  7  8  9 10 11 12 13 14 15 16 17 |
---------------+----------------------------------------------------+-----
Stealth        | 2 3 4 5 7 8 |  8.0
Summonings     | 2 4 7 |  7.4
Fighting       | 1 2 3 5 7 9 10 12 15 16 | 16.8
Short Blades   | 2 3 4 6 8 10 | 10.0
Dodging        | 2 4 6 8 12 | 12.0
Spellcasting   | 5 7 9 10 | 10.0
Ice Magic      | 5 10 12 14 15 | 15.7
Armour         | 2 5 |  5.1
Conjurations   | |  1.0
Translocations | |  0.8

Action                     |  1- 3 |  4- 6 |  7- 9 | 10-12 | 13-15 | 16-18 || total
---------------------------+-------+-------+-------+-------+-------+-------++-------
  Melee: Dagger            |   111 |   169 |   228 |   481 |  1092 |   171 ||  2252
         Touch             |    21 |    29 |    44 |    84 |    17 |       ||   195
         Punch             |     1 |     1 |     3 |     5 |       |       ||    10
         Staff             |       |       |       |       |       |     5 ||     5
   Cast: Magic Dart        |    32 |       |       |       |       |       ||    32
         Call Imp          |     3 |    13 |    31 |    29 |    80 |    11 ||   167
         Call Canine Famil |       |       |    26 |    96 |   194 |    13 ||   329
         Ozocubu's Refrige |       |       |       |       |    79 |   130 ||   209
 Invoke: Call Merchant     |       |       |     1 |     2 |     1 |       ||     4
  Evoke: Wand              |       |     5 |       |       |     2 |     2 ||     9
    Use: Scroll            |     2 |     7 |     4 |     5 |    16 |     4 ||    38
         Potion            |       |     4 |     1 |       |     8 |     9 ||    22
   Stab: Sleeping          |     3 |     6 |     5 |     8 |    24 |    17 ||    63
         Distracted        |       |     1 |       |     3 |     6 |       ||    10
         Paralysed         |       |       |    15 |    97 |   301 |    76 ||   489
 Armour: Robe              |    29 |    19 |     2 |       |       |       ||    50
         Leather armour    |       |       |    14 |       |       |       ||    14
         Steam dragon scal |       |       |    22 |   106 |   212 |    72 ||   412
  Dodge: Dodged            |    76 |    65 |    95 |   218 |   413 |   139 ||  1006
